 Dungeon Sprint DCSS version 0.30.1-11-g7821555f0a (webtiles) character file.

Game seed: 2400196374863482533

6240 Groucho the Thaumaturge (level 11, -14/84 HPs)
             Began as a Djinni Earth Elementalist on Dec 17, 2023.
             Was the Champion of Dithmenos.
             Shot with an arrow by something (24 damage)
             ... in the Dungeon (Sprint VII: "The Pits").
             The game lasted 00:16:43 (5472 turns).

Groucho the Thaumaturge (Djinni Earth Elementalist) Turns: 5472, Time: 00:16:43

Health: -14/84     AC:  3    Str:  7    XL:     11   Next: 15%
Gold:   0          EV: 15    Int: 20    God:    Dithmenos [******] SH:  0 Dex: 15

rFire   + + .        j - +2 dagger (elec)
rCold   x . .        (no shield)
rNeg    . . .        a - +0 robe
rPois   ∞            (no helmet)
rElec   .            (no cloak)
rCorr   .            (no gloves)
SInv    .            (boots unavailable)
Will    +....        (no amulet)
Stlth   +++++        k - +3 ring of evasion
HPRegen 0.34/turn    (no ring)
MPRegen 0.00/turn

%: no teleportation, infuse magic (-15 HP)
@: flying, wreathed by umbra, invisible
A: sickness immunity, fire resistance 2, cold vulnerability 1, float, innate
caster, HP casting, extra vitality 1
a: Renounce Religion, Shadow Step, Shadow Form


You were in the Dungeon.
You worshipped Dithmenos.
Dithmenos was exalted by your worship.
You visited 1 branch

Inventory:

Hand Weapons
 g - a +2 rapier of electrocution
 j - a +2 dagger of electrocution (weapon)
 p - a +2 halberd of protection
Armour
 a - a +0 robe (worn)
 n - a +0 cloak
 o - a +4 scale mail
Jewellery
 f - a +3 ring of intelligence
 k - a +3 ring of evasion (left hand)
Scrolls
 i - a scroll of butterflies
Potions
 b - 6 potions of curing
 c - a potion of heal wounds
 d - a potion of haste
 e - 4 potions of berserk rage
 l - 3 potions of might
 m - 2 potions of mutation


   Skills:
 + Level 9.0 Fighting
 - Level 5.0 Short Blades
 - Level 5.0 Polearms
 + Level 11.8 Armour
 - Level 2.1 Dodging
 - Level 5.0 Stealth
 * Level 14.7 Spellcasting


You knew the following spells:

 Your Spells              Type           Power      Damage    Failure   Level
a - Sandblast             Erth           100%       2d20      0%          1
b - Passwall              Tmut/Erth      54%        N/A       0%          2
c - Stone Arrow           Conj/Erth      100%       3d13      1%          3
d - Petrify               Tmut/Erth      65%        N/A       1%          4
e - Apportation           Tloc           100%       N/A       0%          1
f - Wereblood             Tmut           65%        N/A       0%          2
g - Momentum Strike       Conj/Tloc      100%       3d10      0%          2
h - Hailstorm             Conj/Ice       65%        3d14      1%          3
i - Dispel Undead         Necr           65%        3d22      1%          4
Your spell library was empty.

Dungeon Overview and Level Annotations

Branches:
Dungeon (1/1)

Altars:
Ashenzari
Cheibriados
Dithmenos
Elyvilon
Fedhas
Gozag
Hepliaklqana
Makhleb
Nemelex Xobeh
Okawaru
Qazlal
Ru
Trog
Uskayaw
Wu Jian
Xom
Yredelemnul
Zin
The Shining One
Jiyva
Lugonu


Innate Abilities, Weirdness & Mutations

You are immune to sickness and miasma.
You are immune to poison.
Your flesh is very heat resistant. (rF++)
You are vulnerable to cold. (rC-)
You float through the air rather than walking.
You learn spells naturally, not from books.
Your magical power is your life essence.
You have superior vitality. (+4 MHP)


Message History

Deactivating autopickup; reactivate with Ctrl-A.
The deep elf knight gestures wildly while chanting.
The deep elf knight flickers and vanishes!
An arrow appears from out of thin air!
The arrow hits you!
An arrow appears from out of thin air!
The arrow hits you!
An arrow appears from out of thin air!
The arrow hits you!
You emit a cloud of dark smoke.
There is a broken door to the Storerooms (Easy) here.
It's broken and can't be closed.
You hear a bow twang.
An arrow appears from out of thin air!
The arrow hits you!!
You emit a cloud of dark smoke.
You see here a +0 morningstar.
There is an open door, spattered with blood here.
Okay, then.
Okay, then.
Okay, then.
k - a +3 ring of evasion (left hand)
You hear a bow twang.
An arrow appears from out of thin air!
The arrow hits you!!
* * * LOW HITPOINT WARNING * * *
Unknown command.
Unknown command.
You feel much better.
You hear a bow twang.
An arrow appears from out of thin air!
The arrow hits you!
* * * LOW HITPOINT WARNING * * *
You feel much better.
You hear a bow twang.
An arrow appears from out of thin air!
The arrow hits you!
* * * LOW HITPOINT WARNING * * *
You emit a cloud of dark smoke.
You hear a bow twang.
An arrow appears from out of thin air!
The arrow hits you!
* * * LOW HITPOINT WARNING * * *
Unknown command.
You fade into invisibility!
You hear a bow twang.
An arrow appears from out of thin air!
The arrow hits you!!
You die...

#_________.#
#_________.#
#_______...#######
##########'##.....
#.?(!')))'.##.....
##########§##§....
#§{§{§§§.§{§§§....
#§#####'#####§....
#@#...#.#..##.....
#§#...#.#).#####'#
#§#...).#))##.....
#.##'####))##.....
#.#÷....#[[##.....
#)#.....#'###...<.
#.#........##.....
#)#........##.....
#'###########.....


There were no monsters in sight!

Vanquished Creatures
  Josephine (D)
  A sea snake (D)
  A bog body (D)
  A lindwurm (D)
  A wolf spider (D)
  2 deep elf zephyrmancers (D)
  A yaktaur (D)
  A freezing wraith (D)
  A red devil (D)
  5 wraiths (D)
  A basilisk (D)
  Eustachio (D)
  A wyvern (D)
  A floating eye (D)
  An orc warrior (D)
  An ice beast (D)
  An earth elemental (D)
  4 wights (D)
  4 killer bees (D)
  A gnoll bouda (D)
  A hound (D)
  3 orc priests (D)
  An iguana (D)
  An iron imp (D)
  Terence (D)
  A hell rat (D)
  3 orc wizards (D)
  5 gnolls (D)
  A white imp (D)
  An ufetubus (D)
  An adder skeleton (D)
  A worm (D)
  4 orcs (D)
  An endoplasm (D)
  2 giant cockroaches (D)
  2 hobgoblins (D)
  4 jackals (D)
  A ball python (D)
  A ball python zombie (D)
  A jackal zombie (D)
  A rat (D)
68 creatures vanquished.

Notes
Turn   | Place    | Note
-------+----------+-------------------------------------------
     0 | D        | Groucho the Djinni Earth Elementalist began the quest for
                  | the Orb.
     0 | D        | Groucho set off with the following spells memorised:
                  | Sandblast, Passwall, Stone Arrow, Petrify.
     0 | D        | Reached XP level 1. HP: 15/15 MP: 0/0
    11 | D        | Reached skill level 3 in Spellcasting
    17 | D        | Found a bloodstained altar of Trog.
    17 | D        | Found a viscous altar of Jiyva.
    17 | D        | Found a hazy altar of Hepliaklqana.
    17 | D        | Found an opulent altar of Gozag.
    18 | D        | Found a glowing golden altar of the Shining One.
    18 | D        | Found a glowing silver altar of Zin.
    18 | D        | Found a basalt altar of Yredelemnul.
    18 | D        | Found a shimmering altar of Xom.
    18 | D        | Found an ornate altar of the Wu Jian Council.
    18 | D        | Found a sacrificial altar of Ru.
    18 | D        | Found a stormy altar of Qazlal.
    18 | D        | Found an iron altar of Okawaru.
    18 | D        | Found a sparkling altar of Nemelex Xobeh.
    18 | D        | Found a burning altar of Makhleb.
    18 | D        | Found a blossoming altar of Fedhas.
    18 | D        | Found a white marble altar of Elyvilon.
    18 | D        | Found a shadowy altar of Dithmenos.
    18 | D        | Found a snail-covered altar of Cheibriados.
    20 | D        | Found a corrupted altar of Lugonu.
    21 | D        | Found a hide-covered altar of Uskayaw.
    21 | D        | Found a broken altar of Ashenzari.
    42 | D        | Became a worshipper of Dithmenos the Shadowed
    82 | D        | Noticed a floating eye
    84 | D        | Killed a floating eye
    85 | D        | Reached skill level 7 in Spellcasting
    85 | D        | Reached XP level 2. HP: 22/22 MP: 0/0
    85 | D        | Reached XP level 3. HP: 26/26 MP: 0/0
    85 | D        | Learned a level 1 spell: Apportation
    85 | D        | Reached XP level 4. HP: 31/31 MP: 0/0
    85 | D        | Reached XP level 5. HP: 36/36 MP: 0/0
    85 | D        | Learned a level 2 spell: Wereblood
   336 | D        | Reached * piety under Dithmenos
   337 | D        | Reached skill level 1 in Fighting
   530 | D        | Reached ** piety under Dithmenos
   532 | D        | Reached skill level 1 in Polearms
   874 | D        | Noticed Terence
   880 | D        | Reached *** piety under Dithmenos
   882 | D        | Killed Terence
   883 | D        | Reached skill level 1 in Armour
   885 | D        | Reached skill level 8 in Spellcasting
   888 | D        | Reached XP level 6. HP: 18/46 MP: 0/0
   899 | D        | Reached **** piety under Dithmenos
  1003 | D        | Noticed an ice beast
  1007 | D        | Killed an ice beast
  1270 | D        | Reached ***** piety under Dithmenos
  1271 | D        | Reached skill level 9 in Spellcasting
  1271 | D        | Reached XP level 7. HP: 49/53 MP: 0/0
  1271 | D        | Learned a level 2 spell: Momentum Strike
  1522 | D        | Reached skill level 5 in Fighting
  1525 | D        | Reached skill level 5 in Armour
  1910 | D        | Noticed a deep elf zephyrmancer
  1959 | D        | Noticed a freezing wraith
  1972 | D        | Reached ****** piety under Dithmenos
  1979 | D        | Killed a freezing wraith
  1980 | D        | Reached skill level 5 in Polearms
  1980 | D        | Reached skill level 10 in Spellcasting
  1980 | D        | Reached XP level 8. HP: 53/62 MP: 0/0
  2029 | D        | Killed a deep elf zephyrmancer
  2030 | D        | Reached skill level 11 in Spellcasting
  2324 | D        | Noticed a wolf spider
  2328 | D        | Killed a wolf spider
  2329 | D        | Reached XP level 9. HP: 57/68 MP: 0/0
  2329 | D        | Learned a level 3 spell: Hailstorm
  2657 | D        | Reached skill level 1 in Short Blades
  2657 | D        | Reached skill level 12 in Spellcasting
  3423 | D        | Noticed a lindwurm
  3427 | D        | Killed a lindwurm
  3656 | D        | Noticed a bog body
  3658 | D        | Killed a bog body
  3659 | D        | Reached XP level 10. HP: 69/75 MP: 0/0
  3689 | D        | Noticed a yaktaur
  3692 | D        | Killed a yaktaur
  3693 | D        | Reached skill level 10 in Armour
  3693 | D        | Reached skill level 13 in Spellcasting
  3719 | D        | Reached skill level 5 in Stealth
  4051 | D        | Noticed a sea snake
  4051 | D        | Noticed a deep elf archer
  4069 | D        | Killed a sea snake
  4070 | D        | Reached skill level 5 in Short Blades
  4130 | D        | Noticed a deep elf archer
  4375 | D        | Noticed a deep elf zephyrmancer
  4376 | D        | Killed a deep elf zephyrmancer
  4435 | D        | Noticed Eustachio
  4438 | D        | Killed Eustachio
  4444 | D        | Reached skill level 14 in Spellcasting
  4727 | D        | Noticed a deep elf knight
  4727 | D        | Noticed Josephine
  4907 | D        | Killed Josephine
  4908 | D        | Reached XP level 11. HP: 54/82 MP: 0/0
  4908 | D        | Learned a level 4 spell: Dispel Undead
  4991 | D        | Noticed a deep elf archer
  4995 | D        | Noticed a deep elf knight
  5472 | D        | Shot with an arrow by something

Illustrated notes

Levels and vault maps discovered:
D:        pitsprint [storerooms_1, entrance_room_1, metal_vault_6, armoury_3,
          mini_pit_1, grid_room_1, main_hall_1, silver_pit, the_coven_1,
          the_vestibule_1, steel_vault_2, golden_pit, hallway_of_sentries,
          crystal_vault_1, iron_vault_4, final_vault]

Skill      XL: |  1  2  3  4  5  6  7  8  9 10 11 |
---------------+----------------------------------+-----
Spellcasting   | 7 8 9 10 11 12 14 | 14.7
Fighting       | 3 4 6 7 8 9 |  9.0
Polearms       | 2 3 5 |  5.0
Armour         | 2 4 6 8 9 11 | 11.8
Short Blades   | 4 5 |  5.0
Stealth        | 4 5 |  5.0
Dodging        | |  2.1

Action                     |  1- 3 |  4- 6 |  7- 9 | 10-12 || total
---------------------------+-------+-------+-------+-------++-------
  Melee: Trident           |     2 |     1 |    16 |       ||    19
         Dagger            |       |       |     2 |    10 ||    12
         Punch             |       |       |       |     1 ||     1
   Cast: Sandblast         |     1 |       |       |       ||     1
         Stone Arrow       |       |    25 |    36 |    34 ||    95
         Petrify           |       |       |     1 |    12 ||    13
    Use: Scroll            |       |     1 |       |       ||     1
         Potion            |       |       |     1 |    12 ||    13
   Stab: Sleeping          |     1 |     1 |     1 |       ||     3
         Petrified         |       |       |    13 |     8 ||    21
         Invisible         |       |       |     1 |       ||     1
 Armour: Robe              |       |     1 |       |       ||     1
  Dodge: Dodged            |       |     7 |     3 |     9 ||    19
